 Dungeon Crawl Stone Soup version 0.30.0 (webtiles) character file.

Game seed: 16622967221607400555

196 Jase the Chopper (level 5, -21/47 HPs)
             Began as a Hill Orc Fighter on May 6, 2023.
             Demolished by an ogre
             ... wielding a +0 giant spiked club
              (32 damage)
             ... on level 4 of the Dungeon.
             The game lasted 00:03:22 (2624 turns).

Jase the Chopper (Hill Orc Fighter)                 Turns: 2624, Time: 00:03:23

Health: -21/47     AC: 13    Str: 21    XL:     5   Next: 74%
Magic:  5/5        EV:  6    Int:  8    God:
Gold:   132        SH:  0    Dex: 10    Spells: 4/4 levels left

rFire   . . .        a - +0 war axe
rCold   . . .        (no shield)
rNeg    . . .        s - +0 plate armour
rPois   .            c - +0 helmet
rElec   .            (no cloak)
rCorr   .            (no gloves)
SInv    .            (no boots)
Will    .....        (no amulet) Stlth
                     (no ring)
HPRegen 0.27/turn    (no ring)
MPRegen 0.09/turn

%: no passive effects
@: no status effects
A: no striking features
a: no special abilities


You were on level 4 of the Dungeon.
You visited 1 branch of the dungeon, and saw 4 of its levels.

You collected 132 gold pieces.

Inventory:

Hand Weapons
 a - a +0 war axe (weapon)
Missiles
 g - 6 javelins (quivered)
 m - 2 atropa-tipped darts
Armour
 c - a +0 helmet (worn)
 s - a +0 plate armour (worn)
Jewellery
 h - an amulet of faith
Scrolls
 b - a scroll of fog {unknown}
 k - a scroll of noise {unknown}
 l - 5 scrolls of identify {unknown}
 n - 2 scrolls of vulnerability {unknown}
 p - a scroll of magic mapping {unknown}
 q - 2 scrolls of teleportation {unknown}
 r - a scroll of silence {unknown}
 t - a scroll of immolation {unknown}
Potions
 d - a potion of might
 e - a potion of curing {unknown}
 f - 2 potions of degeneration {unknown}
 i - 4 potions of heal wounds {unknown}
 j - 3 potions of flight {unknown}
 o - 2 potions of magic {unknown}


   Skills:
 + Level 4.8 Fighting
 * Level 5.7 Axes
 + Level 4.4 Armour
 - Level 3.2 Shields


You had 4 spell levels left.
You didn't know any spells.
Your spell library contained the following spells:

 Spells                   Type           Power      Damage    Failure   Level
 Hailstorm                Conj/Ice       0%         3d3       100%        3
 Ice Form                 Ice/Tmut       0%         N/A       100%        4
 Iskenderun's Battlesphe  Conj           0%         2d6       100%        5
 Iron Shot                Conj/Erth      0%         9d1       100%        6
 Simulacrum               Ice/Necr       0%         N/A       100%        6
 Spellforged Servitor     Conj/Summ      0%         N/A       100%        7


Dungeon Overview and Level Annotations

Branches:
Dungeon (4/15)
 Temple: D:4-7

Altars:


Message History

No target in view!
Found a leather armour.
You see here a +0 leather armour.
An endoplasm comes into view.
Found a stone staircase leading up.
The endoplasm quivers.
A goblin and an ogre come into view.
Found a stone staircase leading up.
The goblin shouts!
The ogre shouts!
Found a club.
Found a silver wand and 7 stones.
The endoplasm freezes you.
You are frozen.
You slash the endoplasm!
You kill the endoplasm!
You slash the ogre!
The ogre is moderately wounded.
You closely miss the goblin.
The ogre hits you with a +0 giant spiked club!
The goblin hits you but does no damage.
You hit the ogre.
The ogre is moderately wounded.
You barely miss the goblin. The goblin hits you but does no damage.
The ogre barely misses you.
You closely miss the ogre.
The ogre is moderately wounded.
You slash the goblin!
You kill the goblin!
You hit the ogre but do no damage.
The ogre is moderately wounded.
The ogre hits you with a +0 giant spiked club!!
* * * LOW HITPOINT WARNING * * *
You barely miss the ogre.
The ogre is moderately wounded.
The ogre barely misses you.
You barely miss the ogre.
The ogre is moderately wounded.
The ogre hits you with a +0 giant spiked club!!
Ouch! That really hurt!
You die...

##...../(....
.##..........).
#..<..........#
#........<.^.#
##............#
#............#
#.....)O.....#
#......@....# ####
#...........#
#..###
##.........##
##....###
######....#
#.......##
####.####........#
##.##..........
#.##..........
#..#..........
##.##.........


You could see an ogre.

Vanquished Creatures
  An orc warrior (D:3)
  Robin (D:3)
  2 adders (D:3)
  2 worms (D:2)
  3 dart slugs
  3 orcs (D:3)
  2 ball pythons
  5 endoplasms
  2 giant cockroaches
  16 goblins
  4 hobgoblins
  4 jackals (D:1)
  A quokka (D:1)
  2 bats
  2 frilled lizards
  5 kobolds
  A rat (D:3)
56 creatures vanquished.

Notes
Turn   | Place    | Note
-------+----------+-------------------------------------------
     0 | D:1      | Jase the Hill Orc Fighter began the quest for the Orb.
     0 | D:1      | Reached XP level 1. HP: 19/19 MP: 1/1
   303 | D:1      | Reached skill level 3 in Axes
   424 | D:1      | Reached XP level 2. HP: 27/27 MP: 2/2
   671 | D:1      | Reached XP level 3. HP: 33/33 MP: 3/3
  1235 | D:2      | Reached skill level 4 in Axes
  1802 | D:3      | Noticed Robin
  1828 | D:3      | Reached XP level 4. HP: 25/40 MP: 4/4
  1833 | D:3      | Killed Robin
  2409 | D:3      | Noticed an orc warrior
  2417 | D:3      | Killed an orc warrior
  2418 | D:3      | Reached skill level 5 in Axes
  2418 | D:3      | Reached XP level 5. HP: 26/47 MP: 5/5
  2615 | D:4      | Noticed an ogre
  2624 | D:4      | Demolished by an ogre

Illustrated notes

Levels and vault maps discovered:
D:1:      giann_forest_graveyard, layout_loops_corners, minmay_ruptured
D:2:      layout_loops_ring
D:3:      layout_basic, uniq_robin
D:4:      minmay_recursive_quarters, layout_cave_pods,
          nicolae_sif_muna_condensation

Skill      XL: |  1  2  3  4 |
---------------+-------------+-----
Axes           | 3 4 5 |  5.7
Fighting       | 4 |  4.8
Armour         | 4 |  4.4
Shields        | |  3.2

Action                     |  1- 3 |  4- 6 || total
---------------------------+-------+-------++-------
  Melee: War axe           |   114 |    60 ||   174
         Punch             |     1 |     1 ||     2
    Use: Potion            |       |     1 ||     1
 Armour: Scale mail        |    56 |       ||    56
         Plate armour      |    20 |    44 ||    64
  Dodge: Dodged            |    53 |    15 ||    68
